 Dungeon Crawl Stone Soup version 0.29-a0-323-g050149af67 (webtiles) character file.

Game seed: 4497594818596857002

2268 12572944 the Thaumaturge (level 9, -9/66 HPs)
             Began as a Mummy Necromancer on Apr 10, 2022.
             Was an Initiate of Gozag.
             Mangled by a skeletal warrior
             ... wielding a +0 scimitar
              (28 damage)
             ... on level 6 of the Dungeon.
             The game lasted 00:29:47 (8960 turns).

12572944 the Thaumaturge (Mummy Necromancer)        Turns: 8960, Time: 00:29:48

Health: -9/66      AC:  6    Str: 20    XL:     9   Next: 16%
Magic:  17/22      EV: 12    Int: 16    God:    Gozag
Gold:   358        SH:  5    Dex: 16    Spells: 16/26 levels left

rFire   x . .      SeeInvis +   a - +6 great mace of Precise Incision {freeze, Str+4 Dex+4}
rCold   + . .      Faith    .   (shield currently unavailable)
rNeg    + + +      Spirit   .   i - +0 leather armour
rPois   ∞          Reflect  +   q - +0 helmet
rElec   .          Harm     .   n - +1 cloak
rCorr   .          Rampage  .   (no gloves)
Will    +....                   (no boots)
Stlth   ++........              A - amulet of reflection
HPRegen 0.21/turn               r - ring of see invisible
MPRegen 0.18/turn               e - ring "Xacvopep" {Fly Str+2 Slay+3}

@: flying
A: cold resistance 1, negative energy resistance 3, torment resistance 2, heat
vulnerability 1, in touch with death 1, no potions
a: Renounce Religion, Potion Petition, Call Merchant, Bribe Branch


You were on level 6 of the Dungeon.
You worshipped Gozag.
Gozag was aware of your devotion.
You visited 2 branches of the dungeon, and saw 9 of its levels.
You also visited: Ossuary.

You collected 486 gold pieces.
You paid 128 gold pieces to Gozag.

Inventory:

Hand Weapons
 a - the +6 great mace of Precise Incision (weapon) {freeze, Str+4 Dex+4}
   (You acquired it on level 5 of the Dungeon)

   It freezes those it strikes, dealing additional cold damage.
   It can also slow down cold-blooded creatures.
   Str:       It affects your strength (+4).
   Dex:       It affects your dexterity (+4).
 c - a +0 club
 d - a +0 flail of protection
 s - a +0 mace
 v - a +2 flail of venom
Missiles
 h - 211 stones (quivered)
 u - 15 poisoned darts
 B - a curare-tipped dart
 D - 2 throwing nets
Armour
 g - a +0 chain mail
 i - a +0 leather armour (worn)
 l - a +0 ring mail
 n - a +1 cloak (worn)
 q - a +0 helmet (worn)
Magical Staves
 z - a staff of death
Jewellery
 e - the ring "Xacvopep" (right hand) {Fly Str+2 Slay+3}
   (You acquired it on level 5 of the Dungeon)

   [ring of flight]

   Str:       It affects your strength (+2).
   Slay:      It affects your accuracy & damage with ranged weapons and melee
   (+3).
   Fly:       It grants you flight.
 r - a ring of see invisible (left hand)
 x - an amulet of faith
 A - an amulet of reflection (around neck)
 C - a +6 ring of dexterity
Wands
 o - a wand of iceblast (6)
 y - a wand of acid (27)
Scrolls
 f - 2 scrolls of immolation
 k - 3 scrolls of noise
 m - 3 scrolls of fear
 p - 3 scrolls of teleportation {@r4}
 t - 2 scrolls of fog
 w - a scroll of blinking


   Skills:
 + Level 4.7 Fighting
 + Level 3.9 Maces & Flails
 + Level 3.7 Armour
 - Level 2.0 Dodging
 - Level 1.5 Stealth
 + Level 9.0 Spellcasting
 * Level 6.3 Necromancy


You had 16 spell levels left.
You knew the following spells:

 Your Spells              Type           Power      Damage    Failure   Level
a - Pain                  Necr           100%       1d9       1%          1
b - Vampiric Draining     Necr           41%        2d8       2%          3
c - Foxfire               Conj/Fire      28%        2x1d5     12%         1
d - Agony                 Necr           41%        N/A       24%         5

Your spell library contained the following spells:

 Spells                   Type           Power      Damage    Failure   Level
 Animate Skeleton         Necr           82%        N/A       1%          1
 Animate Dead             Necr           20%        N/A       9%          4
 Dispel Undead            Necr           41%        3d16      9%          4
 Static Discharge         Conj/Air       7%         N/A       17%         2
 Conjure Flame            Conj/Fire      7%         6-21      34%         3
 Inner Flame              Hex/Fire       7%         N/A       34%         3
 Flame Wave               Conj/Fire      7%         2d5       75%         4
 Sticky Flame             Conj/Fire      7%         2d3       75%         4


Dungeon Overview and Level Annotations

Branches:
Dungeon (8/15)             Temple (1/1) D:7         Ossuary (visited)
   Lair: D:8-11

Altars:
Ashenzari
Cheibriados
Dithmenos
Elyvilon
Fedhas
Gozag
Kikubaaqudgha
Makhleb
Nemelex Xobeh
Okawaru
Qazlal
Ru
Sif Muna
Trog
Uskayaw
Vehumet
Wu Jian
Xom
Yredelemnul
Zin
The Shining One

Shops:
D:5 (   D:7 ?

Annotations:
D:6 2 runed translucent doors, exclusion: downstairs, ooooo's ghost, novice OpCj
D:7 exclusion: phantom


Innate Abilities, Weirdness & Mutations

You are immune to poison.
Your flesh is cold resistant. (rC+)
You are immune to negative energy. (rN+++)
You are immune to unholy pain and torment.
You are vulnerable to heat. (rF-)
You are in touch with the powers of death.
You do not drink.


Message History

Your magical contamination has completely faded away.
You barely miss the skeletal warrior.
The skeletal warrior is lightly damaged.
The skeletal warrior closely misses you.
Casting: Foxfire (safe; 12% risk of failure)
Confirm with . or Enter, or press ? or * to list all spells.
You miscast Foxfire.
You are very lightly contaminated with residual magic.
Nothing appears to happen.
The skeletal warrior hits you with a +0 scimitar.
You sock the skeletal warrior!
The skeletal warrior is moderately damaged.
The skeletal warrior hits you with a +0 scimitar!
The skeletal warrior hits you with a +0 scimitar.
Okay, then.
The skeletal warrior misses you.
You fly upwards.
Level annotation: 2 runed translucent doors, exclusion: downstairs, ooooo's ghost, novice OpCj
There is a stone staircase leading down here.
You see here a +0 robe.
Okay, then.
You bludgeon the skeletal warrior!! You freeze the skeletal warrior.
The skeletal warrior is heavily damaged.
The skeletal warrior hits you with a +0 scimitar!!
* * * LOW HITPOINT WARNING * * *
You are too injured to fight recklessly!
You are too injured to fight recklessly!
Casting: Foxfire (safe; 12% risk of failure)
Confirm with . or Enter, or press ? or * to list all spells.
You conjure some foxfire!
You block the skeletal warrior's attack.
Your magical contamination has completely faded away.
You sock the skeletal warrior! You freeze the skeletal warrior.
The skeletal warrior is almost destroyed.
The foxfire hits the skeletal warrior but does no damage.
The skeletal warrior is almost destroyed.
The skeletal warrior barely misses you.
The skeletal warrior hits you with a +0 scimitar!!
You die...
Your body crumbles into a pile of gold.

##..###.##.........
#..................
#.......[...#......
###...#...#.###....
#####...######...
###....###.....#
##...##..........
##z......#...#....
#@.......##..#....
###..#..###.###...
#..#### ### ####
#### #


You could see a skeletal warrior.

Vanquished Creatures
  Pikel (D:7)
  An acid dragon (D:8)
  A sky beast (D:5)
  2 ice beasts
  2 centaurs (D:5)
  A lemure (D:7)
  A phantom (D:5)
  A kobold brigand (D:7)
  2 bullfrogs (D:6)
  A scorpion (D:5)
  2 howler monkeys
  An orc priest (D:5)
  A jelly (D:4)
  2 gnoll shamans
  5 iguanas
  4 orc wizards
  14 mummies
  10 gnolls
  7 adders
  3 white imps
  A worm (D:3)
  2 dart slugs
  23 orcs
  7 ball pythons
  8 endoplasms
  5 giant cockroaches
  5 hobgoblins
  7 jackals
  17 kobolds
  2 quokkas
  6 bats
  4 frilled lizards
  A gnoll skeleton (Ossuary)
  9 goblins
  3 goblin skeletons (Ossuary)
  A hobgoblin zombie (D:5)
  3 kobold skeletons (Ossuary)
  An orc skeleton (Ossuary)
  An orc zombie (D:5)
  5 rats
  11 rat skeletons (Ossuary)
184 creatures vanquished.

Vanquished Creatures (others)
  10 foxfires
  12 plants (D:8)
22 creatures vanquished.

Grand Total: 206 creatures vanquished

Notes
Turn   | Place    | Note
-------+----------+-------------------------------------------
     0 | D:1      | 12572944 the Mummy Necromancer began the quest for the Orb.
     0 | D:1      | Reached XP level 1. HP: 13/13 MP: 4/4
   174 | D:1      | Reached skill level 3 in Spellcasting
   241 | D:1      | Reached XP level 2. HP: 19/20 MP: 3/6
   408 | D:1      | !bestwep
   728 | D:1      | Gained mutation: You are in touch with the powers of death.
                  | [Mummy growth]
   728 | D:1      | Reached XP level 3. HP: 25/25 MP: 3/7
  1193 | D:2      | Found a faded altar of an unknown god.
  1319 | D:2      | Reached skill level 1 in Fighting
  1365 | D:2      | Learned a level 3 spell: Vampiric Draining
  1574 | D:2      | Reached skill level 1 in Maces & Flails
  1680 | D:2      | Reached XP level 4. HP: 28/32 MP: 0/9
  1834 | D:2      | You fall into a shaft and drop 1 floor!
  1930 | D:3      | Reached skill level 4 in Spellcasting
  2521 | D:3      | Found an ancient bone altar of Kikubaaqudgha.
  2777 | D:4      | Found a hide-covered altar of Uskayaw.
  2788 | D:4      | Reached XP level 5. HP: 37/37 MP: 6/11
  2914 | D:4      | !bestwep
  2950 | D:4      | Reached skill level 1 in Armour
  3734 | D:5      | Entered Level 5 of the Dungeon
  3737 | D:5      | Identified 2 scrolls of acquirement
  3737 | D:5      | Acquired the +6 great mace of Precise Incision {freeze,
                  | Str+4 Dex+4}
  3739 | D:5      | !bestwep
  3779 | D:5      | Reached skill level 5 in Spellcasting
  3779 | D:5      | Reached XP level 6. HP: 44/44 MP: 9/13
  3883 | D:5      | Found a sand-covered staircase.
  3895 | Ossuary  | Entered an ossuary
  4370 | Ossuary  | Reached XP level 7. HP: 51/51 MP: 15/15
  4423 | Ossuary  | Reached skill level 6 in Spellcasting
  4561 | Ossuary  | Reached skill level 5 in Necromancy
  4660 | D:5      | Found a shadowy altar of Dithmenos.
  4832 | D:5      | Found Tihyo's Weapon Boutique.
  5063 | D:5      | Acquired a staff of death
  5065 | D:5      | !bestwep
  5138 | D:5      | Reached skill level 7 in Spellcasting
  5473 | D:5      | Reached XP level 8. HP: 58/58 MP: 12/18
  5843 | D:5      | Acquired the ring "Xacvopep" {Fly Str+2 Slay+3}
  6177 | D:6      | Found a runed translucent door.
  6178 | D:6      | Noticed ooooo's ghost (novice OpCj)
  6562 | D:6      | Found a runed translucent door.
  6900 | D:7      | Found a basalt altar of Yredelemnul.
  6909 | D:7      | Reached skill level 8 in Spellcasting
  7053 | D:7      | Found Okisat's Magic Scroll Boutique.
  7094 | D:7      | Noticed Pikel
  7101 | D:7      | Killed Pikel
  7102 | D:7      | Reached XP level 9. HP: 25/66 MP: 8/21
  7645 | D:7      | Found a staircase to the Ecumenical Temple.
  7654 | Temple   | Entered the Ecumenical Temple
  7836 | Temple   | Became a worshipper of Gozag Ym Sagoz the Greedy
  8075 | D:7      | Noticed a skeletal warrior
  8076 | D:7      | Noticed a skeletal warrior
  8277 | D:7      | Noticed a skeletal warrior
  8290 | D:6      | Learned a level 1 spell: Foxfire
  8296 | D:6      | Learned a level 5 spell: Agony
  8398 | D:8      | Reached skill level 9 in Spellcasting
  8960 | D:6      | Mangled by a skeletal warrior

Illustrated notes ###...(... #.....###. #####.)..!###. #####............. #.......#.....###. #.###>..#.....# #. #.# #.#.###.#####. #.##.###.##....... #@#.# ##...### #.##.###.##.# #.# #.#.###.##### #.# #.†......†..# #.###............. #..........####### #...........>..# #.####.........# #.........###### Turn 408 on D:1: !bestwep #########.........#####.#.. ........>.................. #######.#############.####. #.# #.......#. #.##########.......#. #.#........#..)....#. #...........)†._..†.. #.........##......†#. #...@.....##.†.†...#. #.........##†......#. #.#......<#####.####. #.#.......# #.# #. #.........# ..# ## #.........# #.## # #........... # #........... # Turn 2914 on D:4: !bestwep ......# #.....# #.....# #.....# #.....# #.....# #.....# #..@..# #.....# #.....# #.....# ####### Turn 3739 on D:5: !bestwep

,,,,* *,,,,,*,,,,*,,,,*,,,,,,,,*
,,,,* *,,,..#....#,,,,*,,,,,,,,*
.,,,* *,,,,......#,,,,*,>****+**
..,,* ******.....#,,,,*,,**,,,,*
...*##### ##....#,,,,*,,**,,,,*
...##...* #.....#,,,,*,,**,,,,*
........######....#,,,,*,,,*,,,,*
.......##...##....#,,,,*,,,*,,,,*
................@.+,,,,*,,,*,,,,*
.......)))..##....#,,,,*,,,*,,,,*
............#######,,,,*,,,*,,,,*
................,,*,,,,*+***,,,,*
................,,*,,,,,,,,*,,,,+
.................,*,,,,,,,,*,,,,*
.................,*,,,,,,,,*,,,,*
.................,*,,,,,,,,*,,,,,
...###+##...####,,*,,,,,,,,+,,,,,


Turn 5065 on D:5: !bestwep

Levels and vault maps discovered:
D:1:      co_arrival_two_rings, layout_loops_ring
D:2:      layout_rooms, chequers_ecumenical_altar_simple, minmay_tall_x
D:3:      layout_rooms, lemuel_round_altar
D:4:      layout_basic, mainiacjoe_overflow_alcove_2,
          nicolae_uskayaw_murder_on_the_dancefloor, grunt_decor_fettered
D:5:      layout_gridville, grunt_dithmenos_shadows, serial_shops,
          nicolae_shop_bloodbath_and_beyond, nicolae_ossuary_entry_giza
D:6:      layout_cave_pools, ebering_ghost_sewer_f
D:7:      layout_cave_pods, mainiacjoe_overflow_paths,
          minmay_temple_entry_stoned_glass, serial_shops,
          nicolae_shop_hallway_stairs, uniq_pikel
D:8:      nzn_winding_woodlands_large [nzn_winding_woodlands_hourglass,
          nzn_winding_woodlands_5x15_jagged, nzn_winding_woodlands_5x5_default,
          nzn_winding_woodlands_center_lodge,
          nzn_winding_woodlands_15x15_eel_pit,
          nzn_winding_woodlands_center_garden,
          nzn_winding_woodlands_5x5_open_star,
          nzn_winding_woodlands_5x15_split_checker,
          nzn_winding_woodlands_5x5_perimeter], layout_layer_cave,
          nicolae_hepliaklqana_hippocampus, lair_entry_dummy, serial_shops,
          shop, uniq_joseph
Temple:   regret_index_temple_sphere_string

Skill      XL: |  1  2  3  4  5  6  7  8  9 |
---------------+----------------------------+-----
Spellcasting   | 3 4 5 7 8 9 |  9.0
Fighting       | 1 2 3 4 |  4.7
Dodging        | 2 |  2.0
Maces & Flails | 1 2 3 |  3.9
Armour         | 1 2 3 |  3.7
Necromancy     | 5 6 |  6.3
Stealth        | |  1.5

Action                   |  1- 3 |  4- 6 |  7- 9 || total
-------------------------+-------+-------+-------++-------
Melee: Unarmed           |    10 |       |       ||    10
       Flail             |     9 |     1 |       ||    10
       Great mace        |       |    48 |    54 ||   102
Throw: Stone             |     3 |       |       ||     3
 Cast: Pain              |    83 |    88 |   124 ||   295
       Vampiric Draining |       |    10 |    34 ||    44
       Foxfire           |       |       |     6 ||     6
  Use: Scroll            |       |     5 |    10 ||    15
 Stab: Sleeping          |       |     2 |     3 ||     5
Armor: Robe              |     4 |       |       ||     4
       Leather armour    |     6 |    30 |    26 ||    62
Dodge: Dodged            |    27 |    51 |    88 ||   166
Block: Other             |       |       |    14 ||    14
       Reflection        |       |       |     1 ||     1

Table legend: (Time is in decaauts)
 A = Elapsed time spent in this place.
 B = Non-inter-level travel time spent in this place.
 C = Inter-level travel time spent in this place.
 D = Time resting spent in this place.
 E = Time spent auto-exploring this place.
 F = Levels seen in this place.
 G = Mean time per level.
                   A        B        C        D        E       F      G
               +--------+--------+--------+--------+--------+-----+--------+
         Total |   9025 |   8595 |    430 |   1202 |   5808 |  10 |  902.5 |
       Dungeon |   8100 |   7721 |    379 |    857 |   5556 |   8 | 1012.5 |
        Temple |    195 |    144 |     51 |      0 |    128 |   1 |  195.0 |
       Ossuary |    729 |    729 |      0 |    345 |    124 |   1 |  729.0 |
               +--------+--------+--------+--------+--------+-----+--------+

Top non-repeatable levels by time:
     D:7: 1478 daAuts
     D:5: 1469 daAuts
     D:6: 1218 daAuts
     D:1: 1191 daAuts
     D:2: 942 daAuts
     D:4: 940 daAuts
 Ossuary: 729 daAuts
     D:3: 665 daAuts
  Temple: 195 daAuts
     D:8: 195 daAuts
